 Dungeon Crawl Stone Soup version 0.19.0-22-gd96e5fe (webtiles) character file.

18 Nimsei the Skirmisher (level 2, 0/24 HPs)
             Began as a Demonspawn Abyssal Knight on Nov 19, 2016.
             Was a Follower of Lugonu.
             Slain by a hobgoblin
             ... wielding a +0 club
              (2 damage)
             ... on level 1 of the Dungeon.
             The game lasted 00:03:15 (380 turns).

Nimsei the Skirmisher (Demonspawn Abyssal Knight)    Turns: 380, Time: 00:03:16

Health: 0/24       AC:  3    Str: 12    XL:     2   Next: 48%
Magic:  3/3        EV: 11    Int: 13    God:    Lugonu [*.....]
Gold:   36         SH:  0    Dex: 12    Spells: 0 memorised, 1 level left

rFire  . . .     SeeInvis .     a - +1 mace
rCold  . . .     Gourm    .     b - +0 leather armour
rNeg   . . .     Faith    .     (no shield)
rPois  .         Spirit   .     (no helmet)
rElec  .         Reflect  .     (no cloak)
rCorr  .         Harm     .     (no gloves)
MR     .....                    (no boots)
Stlth  +.........               (no amulet)
                                (no ring)
                                (no ring)

@: no status effects
A: talons 1
a: Depart the Abyss, Renounce Religion


You were on level 1 of the Dungeon.
You worshipped Lugonu.
Lugonu was aware of your devotion.
You were not hungry.

You visited 1 branch of the dungeon, and saw 1 of its levels.
You visited the Abyss 1 time.

You collected 36 gold pieces.

Inventory:

Hand Weapons
 a - a +1 mace (weapon)
Armour
 b - a +0 leather armour (worn)
Scrolls
 e - a scroll of identify {unknown}
 f - a scroll of magic mapping {unknown}
Potions
 g - 2 potions of ambrosia {unknown}
 h - a potion of magic {unknown}
Comestibles
 c - a bread ration
 d - 3 fruits


   Skills:
 + Level 3.4 Fighting
 + Level 2.0 Maces & Flails
 + Level 2.0 Armour
 + Level 0.8 Dodging
 + Level 2.6 Invocations


You had one spell level left.
You didn't know any spells.

Dungeon Overview and Level Annotations

Branches:
Dungeon (1/15)

Altars:


Innate Abilities, Weirdness & Mutations

You have sharp toenails.


Message History

The hobgoblin hits you but does no damage.
The kobold throws a stone.
The stone closely misses you. The jackal closely misses you.
You aren't in the Abyss!
You closely miss the jackal. The bat closely misses you.
The jackal completely misses you. The hobgoblin barely misses you.
The jackal bites you but does no damage.
You sock the jackal!
You kill the jackal!
Lugonu accepts your kill. The bat hits you but does no damage.
The hobgoblin hits you with a club.
* * * LOW HITPOINT WARNING * * *
The bat barely misses you. The bat closely misses you.
The hobgoblin hits you with a club.
* * * LOW HITPOINT WARNING * * *
You hit the kobold.
The kobold is severely wounded.
The bat closely misses you. x2; The frilled lizard misses you.
The kobold misses you. The hobgoblin hits you with a club.
You die...

#..#... . .### ## #..#
.⌠.## .... ####. ..# ).)(
J.... . ....
#.###.###..... .#
...########.....K.......
..
...............b.g......
#.
........##...###.b......
#.##.
...............l@K......
#.##.
...............gK......#
#.##.#
##..##$..#####.........#
#.##.. ##).####.#
###.%......## #.###. ....#
#... #..........##.###.
##..#
######.##.................
#....
##....................
#.##>
#.#..........###...###
#....
.............##..†...


You could see an ooze (wandering), a hobgoblin, a goblin, 2 bats, 3 kobolds and
a frilled lizard.

Vanquished Creatures
  2 leopard geckos (D:1)
  3 bats (D:1)
  2 giant cockroaches (D:1)
  2 hobgoblins (D:1)
  A jackal (D:1)
  A kobold (D:1)
  A goblin (D:1)
  2 rats (D:1)
14 creatures vanquished.

Notes
Turn   | Place    | Note
-------+----------+-------------------------------------------
     0 | Abyss:1  | Nimsei the Demonspawn Abyssal Knight began the quest for the Orb.
     0 | Abyss:1  | Reached XP level 1. HP: 18/18 MP: 2/2
    44 | D:1      | Escaped the Abyss
   155 | D:1      | Reached * piety under Lugonu
   222 | D:1      | Gained mutation: You have sharp toenails. [demonic ancestry]
   222 | D:1      | Reached XP level 2. HP: 15/24 MP: 3/3
   380 | D:1      | Slain by a hobgoblin

Skill      XL: |  1  2 |
---------------+-------+-----
Maces & Flails | 2 |  2.0
Armour         | 2 |  2.0
Fighting       | |  3.4
Dodging        | |  0.8
Invocations    | |  2.6

Action                   || total
-------------------------++-------
Melee: Mace              ||    57
       Kick              ||     9
Invok: Depart the Abyss  ||     1
  Use: Scroll            ||     1
Armor: Leather armour    ||    24
Dodge: Dodged            ||    57
